 Dungeon Crawl Stone Soup version 0.31-a0-358-gac0dbeb3ab (webtiles) character file.

Game seed: 6077283321517828656

534 Maedhros the Insei (level 7, -4/43 HPs)
             Began as an Octopode Artificer on July 25, 2023.
             Slain by a gnoll sergeant
             ... wielding a +0 spear
              (11 damage)
             ... on level 5 of the Dungeon.
             The game lasted 00:03:17 (3202 turns).

Maedhros the Insei (Octopode Artificer)             Turns: 3202, Time: 00:03:18

Health: -4/43      AC:  1    Str: 11    XL:     7   Next: 25%
Magic:  7/7        EV: 13    Int: 13    God:
Gold:   276        SH:  0    Dex: 15    Spells: 6/6 levels left

rFire   . .          .
                       - Unarmed
rCold   . . .        (no shield)
rNeg    . . .        (helmet restricted)
rPois   .            (no amulet)
rElec   .            (no ring)
rCorr   .            (no ring)
SInv    .            (no ring)
Will    .....        (no ring)
Stlth   +++          (no ring)
HPRegen 0.27/turn    (no ring)
MPRegen 0.10/turn    (no ring)
                     (no ring)

%: no passive effects
@: no status effects
A: almost no armour, amphibious, 8 rings, camouflage 1, gelatinous body 1,
(nimble swimmer 1), tentacles
a: no special abilities


You were on level 5 of the Dungeon.
You visited 1 branch of the dungeon, and saw 5 of its levels.

You collected 276 gold pieces.

Inventory:

Missiles
 l - 4 poisoned darts
Magical Staves
 a - a staff of air
Wands
 b - a wand of flame (2) (quivered)
 c - a wand of charming (10)
 d - a wand of iceblast (2)
 k - a wand of polymorph (2)
Scrolls
 e - a scroll of fear {unknown}
 g - a scroll of revelation {unknown}
 h - a scroll of torment {unknown}
 i - a scroll of identify {unknown}
 j - a scroll of amnesia {unknown}
Potions
 f - a potion of cancellation {unknown}


   Skills:
 - Level 1.0 Fighting
 - Level 2.3 Dodging
 - Level 1.3 Stealth
 + Level 7.4 Unarmed Combat
 - Level 3.2 Evocations


You had 6 spell levels left.
You didn't know any spells.
Your spell library contained the following spells:

 Spells                   Type           Power      Damage    Failure   Level
 Dazzling Flash           Conj/Hex       0%         N/A       67%         3
 Frozen Ramparts          Ice            0%         1d1       67%         3
 Volatile Blastmotes      Fire/Tloc      0%         2d10      67%         3
 Petrify                  Tmut/Erth      0%         N/A       97%         4
 Metabolic Englaciation   Hex/Ice        0%         N/A       100%        5
 Starburst                Conj/Fire      0%         6d3       100%        6
 Maxwell's Capacitive Co  Air            0%         ∞         100%        8


Dungeon Overview and Level Annotations

Branches:
Dungeon (5/15)             Temple (0/1) D:4

Altars:
Ru
Yredelemnul

Shops:
D:3 =(


Innate Abilities, Weirdness & Mutations

You cannot wear most types of armour.
You are amphibious.
You can wear up to eight rings at the same time.
Your skin changes colour to match your surroundings (Stealth+).
Your rubbery body absorbs attacks. (AC +1, EV +1)
((You are camouflaged when in or above water. (Stealth+)))
You have tentacles for arms and can constrict up to eight enemies at once.


Message History

The gnoll sergeant hits you with a +0 spear.
The gnoll barely misses you.
Aiming: Throw Flame
Press: ? - help, Shift-Dir - straight line, f - gnoll sergeant
Aim: a gnoll sergeant, wielding a +0 spear and wearing a +0 scale mail (heavily wounded, 79% to hit)
The puff of flame hits the gnoll sergeant.
The gnoll sergeant is heavily wounded.
The gnoll sergeant hits you with a +0 spear!
The gnoll barely misses you.
Aiming: Charm
Press: ? - help, Shift-Dir - straight line, f/p - gnoll sergeant
Aim: a gnoll sergeant, wielding a +0 spear and wearing a +0 scale mail (heavily wounded, chance to affect: 57%)
The gnoll sergeant resists with significant effort.
The gnoll completely misses you.
A gnoll comes into view. It is wielding a +0 spear.
The gnoll sergeant hits you with a +0 spear.
Aiming: Charm
Press: ? - help, Shift-Dir - straight line, f/p - gnoll sergeant
Aim: a gnoll sergeant, wielding a +0 spear and wearing a +0 scale mail (heavily wounded, chance to affect: 57%)
The gnoll sergeant resists with significant effort.
The gnoll shouts!
You hear a shout! x2
The gnoll sergeant closely misses you. The gnoll completely misses you.
Unknown command.
Unknown command.
Aiming: Charm
Press: ? - help, Shift-Dir - straight line, f/p - gnoll sergeant
Aim: a gnoll sergeant, wielding a +0 spear and wearing a +0 scale mail (heavily wounded, chance to affect: 57%)
The gnoll sergeant resists with significant effort.
The gnoll sergeant hits you with a +0 spear!
* * * LOW HITPOINT WARNING * * *
The gnoll closely misses you.
Unknown command.
Unknown command.
Aiming: Charm
Press: ? - help, Shift-Dir - straight line, f/p - gnoll sergeant
Aim: a gnoll sergeant, wielding a +0 spear and wearing a +0 scale mail (heavily wounded, chance to affect: 57%)
The gnoll sergeant resists with significant effort.
The gnoll barely misses you.
The gnoll sergeant hits you with a +0 spear!
You die...

# #. . #.# ...
## #.######...<.
#.###...@ggg....
#.#.########>##
##.#.# ##.###.#
##.#.# ...
##.#...# ..#
##.###....#.#
#)..# .......
#)##.#...###..


You could see a gnoll sergeant and 2 gnolls.

Vanquished Creatures
  Eustachio (D:4)
  A phantom (D:3)
  A scorpion (D:4)
  A howler monkey (D:4)
  Ijyb (D:4)
  2 orc wizards
  4 gnolls (D:2)
  2 adders
  A worm (D:2)
  7 orcs
  4 endoplasms
  3 giant cockroaches
  2 goblins
  8 hobgoblins
  8 quokkas
  7 ball pythons
  7 bats
  5 frilled lizards
  8 kobolds
  8 rats
  A spectral orc (D:3)
82 creatures vanquished.

Vanquished Creatures (collateral kills)
  A quokka (D:2)
1 creature vanquished.

Vanquished Creatures (others)
  An adder (D:2)
1 creature vanquished.

Grand Total: 84 creatures vanquished

Notes
Turn   | Place    | Note
-------+----------+-------------------------------------------
     0 | D:1      | Maedhros the Octopode Artificer began the quest for the
                  | Orb.
     0 | D:1      | Reached XP level 1. HP: 13/13 MP: 1/1
    87 | D:1      | Reached skill level 1 in Unarmed Combat
   149 | D:1      | Reached XP level 2. HP: 17/18 MP: 2/2
   299 | D:1      | Reached skill level 2 in Unarmed Combat
   785 | D:2      | Reached XP level 3. HP: 11/23 MP: 3/3
   932 | D:2      | Found a sacrificial altar of Ru.
   970 | D:2      | Reached skill level 3 in Unarmed Combat
   973 | D:2      | Reached XP level 4. HP: 25/28 MP: 4/4
  1353 | D:3      | Reached skill level 4 in Unarmed Combat
  1393 | D:3      | Noticed a phantom
  1416 | D:3      | Killed a phantom
  1417 | D:3      | Reached skill level 5 in Unarmed Combat
  1417 | D:3      | Reached XP level 5. HP: 3/33 MP: 5/5
  1566 | D:3      | Found Paera's Jewellery Emporium.
  1718 | D:3      | Found Losenur's Weapon Boutique.
  1922 | D:3      | Found a basalt altar of Yredelemnul.
  2117 | D:4      | Reached XP level 6. HP: 25/38 MP: 6/6
  2287 | D:4      | Reached skill level 6 in Unarmed Combat
  2477 | D:4      | Noticed Ijyb
  2485 | D:4      | Killed Ijyb
  2648 | D:4      | Found a staircase to the Ecumenical Temple.
  2833 | D:4      | Noticed Eustachio
  2843 | D:4      | Killed Eustachio
  2844 | D:4      | Reached skill level 7 in Unarmed Combat
  2844 | D:4      | Reached XP level 7. HP: 30/43 MP: 7/7
  3106 | D:5      | Entered Level 5 of the Dungeon
  3149 | D:5      | Noticed a shadow
  3202 | D:5      | Slain by a gnoll sergeant

Illustrated notes

Levels and vault maps discovered:
D:1:      lightli_arrival_statue_moat, layout_loops_ring, grunt_decor_resistance
D:2:      layout_rooms, basic_altar
D:3:      layout_rooms, yredelemnul_forgotten_temple_becter, serial_shops, shop,
          nicolae_shop_window_shopping
D:4:      layout_cave_pods, minmay_temple_entry_glassed_door, uniq_ijyb,
          uniq_eustachio
D:5:      layout_loops_ring, minitemple, minmay_checkerbox

Skill      XL: |  1  2  3  4  5  6 |
---------------+-------------------+-----
Unarmed Combat | 1 2 3 5 7 |  7.4
Fighting       | |  1.0
Dodging        | |  2.3
Stealth        | |  1.3
Evocations     | |  3.2

Action                     |  1- 3 |  4- 6 |  7- 9 || total
---------------------------+-------+-------+-------++-------
  Melee: Unarmed           |    70 |   102 |    15 ||   187
         Constrict         |    22 |    23 |     2 ||    47
         Tentacles         |    13 |    28 |     4 ||    45
         Punch             |     1 |     3 |     2 ||     6
  Evoke: Wand              |     3 |    12 |     6 ||    21
    Use: Potion            |       |     1 |       ||     1
   Stab: Sleeping          |     9 |    12 |       ||    21
 Armour: Skin              |     2 |     9 |       ||    11
  Dodge: Dodged            |    48 |    51 |    11 ||   110

Table legend: (Time is in decaauts)
 A = Elapsed time spent in this place.
 B = Non-inter-level travel time spent in this place.
 C = Inter-level travel time spent in this place.
 D = Time resting spent in this place.
 E = Time spent auto-exploring this place.
 F = Levels seen in this place.
 G = Mean time per level.
                   A        B        C        D        E       F      G
               +--------+--------+--------+--------+--------+-----+--------+
         Total |   3187 |   3031 |    156 |      0 |   2376 |   5 |  637.4 |
       Dungeon |   3187 |   3031 |    156 |      0 |   2376 |   5 |  637.4 |
               +--------+--------+--------+--------+--------+-----+--------+

Top non-repeatable levels by time:
     D:4: 994 daAuts
     D:3: 752 daAuts
     D:1: 737 daAuts
     D:2: 610 daAuts
     D:5: 94 daAuts
